[Event "*** Titled Tuesday Blitz"]
[Site "Chess.com"]
[Date "2020.04.21"]
[Round "7"]
[White "Frogo47"]
[Black "queen_iryna"]
[Result "0-1"]
[WhiteElo "2454"]
[BlackElo "2292"]
[TimeControl "180+1"]
[EndTime "11:22:30 PDT"]
[Termination "queen_iryna won by checkmate"]

1. e4 d6 2. d4 Nf6 3. Nc3 e5 4. Nf3 Nbd7 5. Bc4 Be7 6. O-O O-O 7. Re1 c6 8. a4 h6 9. h3 Re8 10. Be3 Bf8 11. Ba2 exd4 12. Bxd4 Ne5 13. Bxe5 dxe5 14. Qxd8 Rxd8 15. Nxe5 Be6 16. Bxe6 fxe6 17. Rad1 Bb4 18. f3 Bc5+ 19. Kf1 Bd4 20. Nd3 Nh5 21. g4 Nf6 22. Kg2 Kf7 23. Ne2 Bb6 24. Ne5+ Ke7 25. Nc4 Bc7 26. Nc3 Nd7 27. e5 Nf8 28. f4 Ng6 29. Kg3 Rxd1 30. Rxd1 Rf8 31. Ne2 b5 32. axb5 cxb5 33. Nd6 a6 34. Ne4 Nxf4 35. Nxf4 Bxe5 36.
Nc5 Bxf4+ 37. Kg2 Bd6 38. Ne4 Be5 39. b4 Rd8 40. Rxd8 Kxd8 41. Nc5 Bd6 42. Nxa6 Kc8 43. Kf3 Kb7 44. Nc5+ Bxc5 45. bxc5 Kc6 46. Ke4 Kxc5 47. Ke5 Kc4 48. Kxe6 Kc3 49. Kf7 Kxc2 50. Kxg7 b4 51. h4 b3 52. g5 b2 53. gxh6 b1=Q 54. h7 Qb2+ 55. Kg8 Qb8+ 56. Kg7 Qc7+ 57. Kg8 Qd8+ 58. Kg7 Qe7+ 59. Kg8 Qe6+ 60. Kg7 Qg4+ 61. Kh8 Qg6 62. h5 Qf7 63. h6 Qf8# 0-1

[Event "*** Titled Tuesday Blitz"]
[Site "Chess.com"]
[Date "2020.04.21"]
[Round "7"]
[White "Xeniya2005"]
[Black "Yuri202062"]
[Result "0-1"]
[WhiteElo "2266"]
[BlackElo "2490"]
[TimeControl "180+1"]
[EndTime "11:22:31 PDT"]
[Termination "Yuri202062 won by resignation"]

1. e4 c5 2. Nf3 e6 3. d4 cxd4 4.
Nxd4 a6 5. Nc3 d6 6. Be3 b5 7.
a4 b4 8. Na2 Nf6 9. Bd3 Bb7 10.
f3 d5 11. exd5 Nxd5 12. Bf2 Be7 13. O-O O-O 14. Qd2 a5 15. Bb5 Nd7 16. Nc6 Bxc6 17. Bxc6 Rc8 18. Bxd5 exd5 19. Rad1 Nf6 20. c3 bxc3 21.
Nxc3 Bb4 22. Bd4 Bc5 23. Bxc5 Rxc5 24. Qd4 Rc4 25. Qxc4 dxc4 26. Rxd8 Rxd8 27. Rd1 Rxd1+ 28. Nxd1 Nd5 29. Kf2 Kf8 30. Ne3 Nb6 31. Ke2 Ke7 32. Kd2 g6 33. Kc2 Kd6 34. b3 Kc5 35. Kc3 cxb3 36. Kxb3 f5 37. Nc2 Nd5 38. g4 f4 39.
h4 h6 40. Ne1 Kd4 41. Ng2 Kd3 42. g5 h5 43. Ne1+ Ke2 44. Kc4 Kxe1 45. Kxd5 Kf2 46. Ke4 Kg3 0-1

[Event "*** Titled Tuesday Blitz"]
[Site "Chess.com"]
[Date "2020.04.21"]
[Round "7"]
[White "cassoulet"]
[Black "2L8IWUN"]
[Result "0-1"]
[WhiteElo "2634"]
[BlackElo "2468"]
[TimeControl "180+1"]
[EndTime "11:22:32 PDT"]
[Termination "2L8IWUN won by resignation"]

1. e4 c5 2. Nf3 d6 3. d4 cxd4 4. Nxd4 Nf6 5. Nc3 Nc6 6. Bc4 Bd7 7. Bb3 Rc8 8. O-O g6 9. Bg5 Bg7 10. Nxc6 Bxc6 11. Qd2 O-O 12. Rfe1 b5 13. Bh6 b4 14. Nd5 Bxh6 15. Nxf6+ exf6 16. Qxh6 Re8 17. Re3 Bd7 18. Rd1 Qe7 19. Red3 Qxe4 20. h3 Be6 21. Rxd6 Bxb3 22. cxb3 Rc2 23. Rxf6 Rxb2 24. Rf3 Rxa2 25. Re3 Qc6 26. Rxe8+ Qxe8 27. Qg5 Kg7 28. Qf4 a5 29.
Qd4+ Kg8 30. Qf6 Rd2 31. Rxd2 Qe1+ 32. Kh2 Qxd2 33. Qe5 Qxf2 34. Qe8+ Kg7 35. Qe5+ Qf6 36. Qxa5 Qf4+ 37. Kh1 Qd4 38. Qa2 h5 39. Qc2 h4 40.
Qe2 Qc3 41. Qd1 g5 42. Qd5 f6 43. Qd7+ Kg6 44. Qe8+ Kf5 45. Qd7+ Kf4 46. Qd6+ Ke3 47.
Qe6+ Kd2 48. Kg1 Qe3+ 49. Qxe3+ Kxe3 50. Kf1 Kd3 51. Kf2 Kc3 52. Kf3 Kxb3 53. Kg4 Kc2 54. Kf5 b3 55. Kxf6 b2 56. Kxg5 b1=Q 57. Kxh4 Qe1+ 58.
g3 Qe7+ 59. Kh5 Qg7 60. g4 Kd3 61. g5 Ke4 62. h4 Ke5 63. Kg4 Ke6 64. h5 Qd4+ 65. Kg3 Kf5 66. h6 Kxg5 0-1

[Event "*** Titled Tuesday Blitz"]
[Site "Chess.com"]
[Date "2020.04.21"]
[Round "7"]
[White "Andrei_Belozerov"]
[Black "adiosabu"]
[Result "1/2-1/2"]
[WhiteElo "2584"]
[BlackElo "2429"]
[TimeControl "180+1"]
[EndTime "11:22:32 PDT"]
[Termination "Game drawn by repetition"]

1. e4 c5 2. Nf3 Nc6 3. d4 cxd4 4. Nxd4 e5 5. Nb5 a6 6. Nd6+ Bxd6 7. Qxd6 Qe7 8. Qxe7+ Ngxe7 9. Nc3 d5 10. exd5 Nb4 11.
Bd3 Bf5 12. Bxf5 Nxf5 13. Kd1 O-O-O 14. Be3 Nxe3+ 15. fxe3 Nxd5 16. Nxd5 Rxd5+ 17. Ke2 Rhd8 18. Rad1 Kc7 19. Rxd5 Rxd5 20. g4 Kd6 21. c4 Ra5 22. a3 Ke6 23. Rd1 Rc5 24. b3 b5 25. cxb5 axb5 26.
a4 bxa4 27. bxa4 Rc4 28. Ra1 Rxg4 29. a5 Rc4 30. a6 Rc8 31. a7 Ra8 32. Kd3 Kf5 33. e4+ Kg5 34. Kc4 f6 35. Kd5 h5 36.
Kc6 Kf4 37. Ra4 g5 38. Kb7 Rxa7+ 39. Kxa7 g4 40. Kb6 h4 41. Kc5 g3 42. hxg3+ hxg3 43.
Kd5 g2 44. Ra1 Ke3 45. Rb1 Kf3 46. Rc1 Ke3 47. Rb1 Kf3 48. Rb3+ Kf4 49. Rb1 Ke3 50. Ra1 Kf3 51. Rc1 Ke3 52. Rc3+ Kf4 53. Rc1 Ke3 1/2-1/2

[Event "*** Titled Tuesday Blitz"]
[Site "Chess.com"]
[Date "2020.04.21"]
[Round "7"]
[White "KhamzinOlzhas"]
[Black "GM4life"]
[Result "1-0"]
[WhiteElo "2555"]
[BlackElo "2202"]
[TimeControl "180+1"]
[EndTime "11:22:33 PDT"]
[Termination "KhamzinOlzhas won by checkmate"]

1. e4 c5 2. Nc3 d6 3. g3 g6 4. Bg2 Bg7 5. d3 Nc6 6. Be3 e6 7. Qd2 Nd4 8. Nd1 e5 9. c3 Ne6 10. Ne2 Ne7 11. Bh6 O-O 12. Bxg7 Kxg7 13. O-O d5 14. exd5 Nxd5 15. Ne3 Nec7 16. Nc4 Qe7 17.
f4 exf4 18. Nxf4 Nxf4 19. Qxf4 Ne6 20. Qe3 Rb8 21. Qe5+ Kg8 22. Qxb8 b5 23. Qd6 Qg5 24. Qe5 bxc4 25. Qxg5 Nxg5 26. dxc4 Be6 27. Bd5 Bh3 28. Rfe1 Be6 29. b4 Bxd5 30. cxd5 cxb4 31. cxb4 Nf3+ 32. Kf2 Nxe1 33. Rxe1 Rd8 34. Rd1 Rd6 35. a4 Kf8 36. Ke3 Ke7 37. Kd4 Ra6 38. a5 Rf6 39.
Kc5 Rf2 40. d6+ Kd7 41. h4 Rc2+ 42. Kb5 Rg2 43. Ka6 Rxg3 44. Kxa7 Rb3 45. Rd4 f6 46. Kb7 Ra3 47. a6 g5 48. a7 h5 49. hxg5 fxg5 50.
Rd5 g4 51. Rxh5 Kxd6 52. Rg5 Ra4 53. b5 Kd7 54. Rxg4 Rxg4 55. a8=Q Rg7 56. Qa1 Re7 57. Qf6 Ke8+ 58. Qxe7+ Kxe7 59. Kc7 Ke6 60. b6 Kd5 61. b7 Kc5 62. b8=Q Kd4 63. Qd8+ Ke5 64. Qd6+ Kf5 65. Qe7 Kg4 66. Qf6 Kh3 67. Qg5 Kh2 68. Qg4 Kh1 69.
Kd6 Kh2 70. Ke5 Kh1 71. Kf4 Kh2 72. Kf3 Kh1 73. Qg2# 1-0

[Event "*** Titled Tuesday Blitz"]
[Site "Chess.com"]
[Date "2020.04.21"]
[Round "7"]
[White "Ellaijio_B"]
[Black "IMRosen"]
[Result "1-0"]
[WhiteElo "2675"]
[BlackElo "2483"]
[TimeControl "180+1"]
[EndTime "11:22:34 PDT"]
[Termination "Ellaijio_B won by resignation"]

1. e4 c5 2. Nf3 e6 3. d4 cxd4 4. Nxd4 Nc6 5. Nc3 Qc7 6. f4 a6 7.
Be3 b5 8. Bd3 Nxd4 9. Bxd4 Qxf4 10. Rf1 Qxh2 11. Qf3 f6 12. e5 Rb8 13. exf6 Qh4+ 14.
Bf2 Qxf6 15. Qg3 Rb7 16. Bc5 Bxc5 17. Rxf6 Nxf6 18. Qxg7 Rf8 19. O-O-O d5 20. Qg3 Bd7 21. Kb1 b4 22. Ne2 a5 23. Qh4 Be7 24. Qd4 a4 25. Ba6 Rc7 26. Qb6 Rc6 27. Qb7 Ne4 28. Qa8+ Kf7 29. Rf1+ Kg7 30. Rxf8 Bxf8 31. Bb5 Rc7 32.
Bxd7 Rxd7 33. Qxa4 Rf7 34. a3 Nd2+ 35. Ka2 bxa3 36. Qd4+ Rf6 37. Qxd2 axb2 38. Kxb2 Bd6 39. Qg5+ Rg6 40. Qh5 Be7 41. Kb3 Bf6 42. Nf4 Rg5 43.
Nxe6+ Kh8 44. Nxg5 1-0

[Event "*** Titled Tuesday Blitz"]
[Site "Chess.com"]
[Date "2020.04.21"]
[Round "7"]
[White "ZeZacarias"]
[Black "Dare-Dare"]
[Result "1-0"]
[WhiteElo "2069"]
[BlackElo "2244"]
[TimeControl "180+1"]
[EndTime "11:22:34 PDT"]
[Termination "ZeZacarias won on time"]

1. d4 d6 2. c4 e5 3. d5 f5 4. g3 Nf6 5. Bg2 g6 6. Nc3 Bg7 7. Nf3 O-O 8. O-O c5 9. b3 e4 10. Ng5 Qe7 11. Bb2 h6 12. Nh3 g5 13. e3 Nbd7 14.
Qc2 Ne5 15. a3 Bd7 16. Ne2 Nfg4 17. Rab1 Nf3+ 18. Bxf3 exf3 19. Nc1 Ne5 20. Nd3 f4 21. exf4 Nxd3 22. Qxd3 Bxh3 23. Rfe1 Qf7 24. Bxg7 Qxg7 25. Qxf3 gxf4 26. Qh5 Bg4 27. Qh4 fxg3 28. hxg3 Rae8 29. b4 b6 30. bxc5 bxc5 31. a4 Bd7 32. a5 Rxe1+ 33. Rxe1 Re8 34. Rxe8+ Bxe8 35. Qd8 Qf8 36. a6 Bg6 37.
Qd7 Qb8 38. Qb7 Qd8 39. Qxa7 Bd3 40. Qb7 1-0

[Event "*** Titled Tuesday Blitz"]
[Site "Chess.com"]
[Date "2020.04.21"]
[Round "7"]
[White "Volodar_Murzin"]
[Black "Alexander_Donchenko"]
[Result "1/2-1/2"]
[WhiteElo "2646"]
[BlackElo "2798"]
[TimeControl "180+1"]
[EndTime "11:22:35 PDT"]
[Termination "Game drawn by repetition"]

1. d4 Nf6 2. Nf3 e6 3. Bf4 c5 4.
e3 Qb6 5. Na3 cxd4 6. Nc4 Bb4+ 7.
Nfd2 Qc6 8. exd4 O-O 9. c3 Be7 10. Ne5 Qd5 11. Qf3 Nc6 12. Bc4 Qxf3 13. Nexf3 d5 14. Bb5 Bd7 15. O-O Rfc8 16. Rfe1 Ne8 17. a4 Bd6 18. Bxc6 Bxc6 19. Ne5 Rab8 20. Bg3 Kf8 21. Nb3 Ke7 22. Na5 Bd7 23. Nd3 b6 24. Nb3 Bxg3 25. hxg3 Nd6 26. Nb4 Nc4 27. Re2 Kf8 28. a5 Be8 29. Rc2 g5 30. axb6 axb6 31. Nd2 Nd6 32. Rcc1 Ra8 33. f3 f6 34. Kf2 Bg6 35.
g4 h5 36. gxh5 Bxh5 37. Nf1 Bg6 38. Nd2 Ke7 39. Re1 Kd7 40. Kg3 Nf5+ 41. Kf2 Nd6 42.
Rh1 Rxa1 43. Rxa1 Kc7 44. Ra7+ Nb7 45. Na6+ Kc6 46. Nb4+ Kc7 47. Na6+ Kc6 48. Nb4+ Kc7 1/2-1/2

[Event "*** Titled Tuesday Blitz"]
[Site "Chess.com"]
[Date "2020.04.21"]
[Round "7"]
[White "obliviate12"]
[Black "FLamps8"]
[Result "1-0"]
[WhiteElo "2766"]
[BlackElo "2530"]
[TimeControl "180+1"]
[EndTime "11:22:35 PDT"]
[Termination "obliviate12 won by resignation"]

1. e4 c6 2. d4 d5 3. e5 Bf5 4.
Nd2 e6 5. Nb3 Nd7 6. Nf3 Ne7 7.
Be2 h6 8. O-O g5 9. a4 Qc7 10. a5 a6 11. Bd2 c5 12. Nxc5 Nxc5 13. dxc5 Nc6 14. Bc3 Bxc5 15. Bd3 O-O-O 16. Bxf5 exf5 17. Qd3 f4 18. Rfe1 d4 19. Bd2 Rhe8 20. h3 Kb8 21. Qf5 Re6 22. Re2 Rde8 23. Rae1 f6 24.
h4 Nxe5 25. Nxe5 Rxe5 26. Rxe5 Rxe5 27. Qxf6 Rxe1+ 28. Bxe1 Qe7 29. Qxe7 Bxe7 30. h5 Kc7 31. Kf1 Kc6 32. Ke2 Kd5 33. Kd3 Bd6 34. f3 Be7 35. g4 fxg3 36. Bxg3 Bd8 37. Be1 b6 38. Bb4 bxa5 39.
Bf8 Ke6 40. Bxh6 Kf5 41. Bg7 Be7 42. Bxd4 Ke6 43. h6 1-0

[Event "*** Titled Tuesday Blitz"]
[Site "Chess.com"]
[Date "2020.04.21"]
[Round "7"]
[White "ShahMatKanal"]
[Black "isla88"]
[Result "0-1"]
[WhiteElo "2480"]
[BlackElo "2320"]
[TimeControl "180+1"]
[EndTime "11:22:36 PDT"]
[Termination "isla88 won by checkmate"]

1. e4 c5 2. Nc3 Nc6 3. Bb5 Nd4 4. Nf3 a6 5. Bd3 Nc6 6. a4 b6 7. Bc4 e6 8. O-O Be7 9. d4 cxd4 10. Nxd4 Nf6 11.
Nxc6 dxc6 12. Qe2 Bb7 13. Bf4 b5 14. Rfd1 Qb6 15. a5 Qc5 16. Bd3 Qh5 17. f3 Bc5+ 18.
Be3 O-O 19. Rd2 Rac8 20. g4 Bxe3+ 21. Qxe3 Qh3 22. Bf1 Qh4 23. Rad1 c5 24. Ne2 c4 25. c3 Rc7 26. Ng3 h5 27. g5 Nh7 28. f4 e5 29.
fxe5 Nxg5 30. Bg2 Nh3+ 31. Kh1 g6 32. Rd7 Rxd7 33. Rxd7 Bc6 34. Rd6 Bb7 35. Rd7 Bc6 36.
Rd6 Bb7 37. Qh6 Nf2+ 38. Kg1 Ng4 39. Rxg6+ fxg6 40. Qxg6+ Kh8 41. Nf5 Qxh2+ 42. Kf1 Qf4+ 43. Kg1 Qf2+ 44. Kh1 Qe1+ 45. Bf1 Qxf1# 0-1

[Event "*** Titled Tuesday Blitz"]
[Site "Chess.com"]
[Date "2020.04.21"]
[Round "7"]
[White "Hangar-18"]
[Black "masteryoungK"]
[Result "0-1"]
[WhiteElo "2236"]
[BlackElo "2394"]
[TimeControl "180+1"]
[EndTime "11:22:36 PDT"]
[Termination "masteryoungK won by checkmate"]

1. e4 e6 2. d4 c5 3. dxc5 Bxc5 4. Qg4 Nf6 5. Qxg7 Rg8 6. Qh6 Bxf2+ 7. Kd1 Nc6 8. Nf3 Bb6 9. Bd3 Rxg2 10. Bg5 Ng4 11. Qg7 Nf2+ 12. Kc1 Rxg5 13. Nxg5 Be3+ 14. Nd2 Qxg5 15.
Qxg5 Bxg5 16. Rf1 Ng4 17. Rg1 Nce5 18. Be2 Be3 19. Rg3 Bf4 20. Rg2 Nf6 21. Bd3 b6 22. Kd1 Neg4 23. Ke2 Bb7 24. h3 Ne5 25. Rf1 Bxd2 26.
Kxd2 Ke7 27. Ke3 d6 28. c4 Nfd7 29. b3 a5 30. Rg7 a4 31. b4 Nf6 32. Rfg1 Rc8 33. Rc1 Ba6 34. b5 Bxb5 35. Kd4 Bd7 36. h4 Nc6+ 37. Ke3 Ne5 38. Be2 b5 39. h5 bxc4 40. h6 c3 41. Rgg1 c2 42. Bd3 Nfg4+ 43. Kd4 Nf3# 0-1

[Event "*** Titled Tuesday Blitz"]
[Site "Chess.com"]
[Date "2020.04.21"]
[Round "7"]
[White "Riptide27"]
[Black "shyam"]
[Result "0-1"]
[WhiteElo "2486"]
[BlackElo "2654"]
[TimeControl "180+1"]
[EndTime "11:22:39 PDT"]
[Termination "shyam won by resignation"]

1. d4 Nf6 2. c4 c5 3. d5 g6 4. Nc3 Bg7 5. e4 O-O 6. Bd3 d6 7. Nge2 e6 8. O-O Na6 9. Bg5 h6 10. Bd2 Nc7 11. Qc1 Kh7 12. Kh1 exd5 13. exd5 Ng4 14.
h3 Qh4 15. Kg1 Ne5 16. Qc2 Nxd3 17. Qxd3 Bf5 18. Qg3 Qxc4 19. Qxd6 Rac8 20. Rac1 Rfd8 21. Qe7 Nxd5 22. Qxf7 Rd7 23. Nxd5 Qxd5 24. Qxd5 Rxd5 25. Bc3 Bf8 26. Ng3 Bd3 27. Rfe1 b5 28. Ne4 Bxe4 29. Rxe4 Rcd8 30. Rce1 Rd1 31. g4 Kg8 32. Kg2 Rxe1 33. Rxe1 Kf7 34. Re3 b4 35. Rf3+ Kg8 36. Bf6 Rd2 37.
h4 c4 38. g5 hxg5 39. hxg5 Bc5 40. Rf4 Rc2 41. Kg3 Bd6 42. f3 a5 43. Kg4 Bxf4 44.
Kxf4 c3 45. bxc3 bxc3 46. Ke3 Rxa2 47. Bxc3 Kf7 48. Kd4 Ke6 49. Ke4 Ra4+ 50. Ke3 Kf5 51. f4 Re4+ 52. Kf3 Rxf4+ 53. Kg3 a4 0-1

[Event "*** Titled Tuesday Blitz"]
[Site "Chess.com"]
[Date "2020.04.21"]
[Round "7"]
[White "erlesfar"]
[Black "1g41-0"]
[Result "0-1"]
[WhiteElo "2255"]
[BlackElo "2433"]
[TimeControl "180+1"]
[EndTime "11:22:39 PDT"]
[Termination "1g41-0 won by resignation"]

1. Nf3 g6 2. e4 Bg7 3. d4 c6 4. c3 d5 5. e5 Bf5 6. Bg5 Nd7 7. Nbd2 Nf8 8. Be2 Ne6 9. Be3 Nh6 10. h3 Nc7 11. O-O O-O 12. Qb3 Rb8 13. a4 f6 14.
exf6 exf6 15. c4 Be6 16. c5 g5 17. Nh2 f5 18. Ndf3 f4 19. Bd2 Nf7 20. Bd3 g4 21. hxg4 Ng5 22. Bc2 Ne4 23. Rae1 Qd7 24. g5 Kh8 25.
Ba5 Ne8 26. Bb4 Rg8 27. a5 a6 28. Qd3 Bf5 29. Qd1 Nc7 30. Ne5 Qe7 31. Nhf3 Ne6 32. Nh4 Bxe5 33. Nxf5 Qxg5 34. Bxe4 dxe4 35. g4 Qxf5 36.
f3 Bxd4+ 37. Kh1 Rg6 38. Re2 Rh6+ 39. Rh2 Rxh2+ 40. Kxh2 Qg6 41. fxe4 Rg8 42. Qf3 Qxg4 43. Qxg4 Rxg4 44. e5 Bxe5 45. Re1 Rg5 46. Rxe5 Rxe5 47. Bc3 Nxc5 48. Bxe5+ Kg8 49. Bxf4 Nd3 50. Bd2 Nxb2 51. Bc3 Nc4 52. Bb4 Kf7 53. Kg3 Ke6 54. Kf4 Kd5 55.
Kf5 c5 56. Bc3 Nd6+ 57. Kf4 c4 58. Be1 Nb5 59. Ke3 c3 0-1

[Event "*** Titled Tuesday Blitz"]
[Site "Chess.com"]
[Date "2020.04.21"]
[Round "7"]
[White "KinKaiser"]
[Black "Firegrizzly"]
[Result "0-1"]
[WhiteElo "2484"]
[BlackElo "2674"]
[TimeControl "180+1"]
[EndTime "11:22:40 PDT"]
[Termination "Firegrizzly won on time"]

1. d4 e6 2. Nf3 Nf6 3. Bf4 b6 4. e3 Bb7 5. h3 g6 6. Be2 Bg7 7.
O-O O-O 8. Bh2 d6 9. a4 a5 10. c3 Nbd7 11. Na3 Qe7 12. Nb5 Rac8 13. Na7 Ra8 14.
Nb5 Rac8 15. Na7 Rcd8 16. Nb5 Nb8 17. Nd2 Ne4 18. Nxe4 Bxe4 19. Bf3 Bxf3 20. Qxf3 f5 21. Rfe1 g5 22. Qb7 Rd7 23. Qf3 Qf7 24. b4 h5 25.
bxa5 bxa5 26. Rab1 g4 27. hxg4 hxg4 28. Qe2 Qh5 29.
Bg3 Bf6 30. Qc4 d5 31. Qd3 Bh4 32. Kf1 c6 33. Na3 Bxg3 34. fxg3 Rh7 35. Kf2 Nd7 36. Rh1 Qxh1 37. Rxh1 Rxh1 38. Qa6 Nf6 39. Qxc6 Ne4+ 40. Ke2 Nxg3+ 41. Kd2 Ne4+ 42. Kc2 Kf7 43. Qd7+ Kf6 44.
Nb5 Rh2 45. Nc7 Rxg2+ 46. Kb3 Nd2+ 47. Kc2 Ne4+ 48. Kb3 Ng5 49. Ne8+ Rxe8 50. Qxe8 Nf7 51. Qb8 g3 52. Qf4 Rg1 53. Qh4+ Kg6 54. Qe7 g2 55. Qxe6+ Kg7 56. Qxf5 Kf8 57. Qc8+ Ke7 58. Qg4 Rb1+ 59. Ka2 g1=Q 0-1

[Event "*** Titled Tuesday Blitz"]
[Site "Chess.com"]
[Date "2020.04.21"]
[Round "7"]
[White "BIG_Pirate"]
[Black "RiskyDecision"]
[Result "1-0"]
[WhiteElo "2409"]
[BlackElo "2525"]
[TimeControl "180+1"]
[EndTime "11:22:40 PDT"]
[Termination "BIG_Pirate won on time"]

1. Nf3 f5 2. d4 Nf6 3. g3 g6 4. Bg2 Bg7 5. O-O O-O 6. b3 Ne4 7. Bb2 d6 8. Nfd2 Nxd2 9. Qxd2 Nc6 10. Rd1 Bd7 11. c4 e5 12. dxe5 Nxe5 13. Bxb7 Rb8 14. Bg2 Be6 15. Nc3 Kh8 16. Nd5 Qd7 17. Bd4 a6 18. Rac1 h5 19. h4 Kh7 20. Nf4 Bf7 21. Qc3 c5 22. Bxe5 Bxe5 23. Qxe5 dxe5 24. Rxd7 exf4 25.
gxf4 Kg8 26. Rcd1 a5 27. Bd5 Bxd5 28. R1xd5 Rfc8 29. R5d6 a4 30. Rxg6+ Kf8 31. Rh6 Kg8 32.
Rxh5 axb3 33. axb3 Rxb3 34. Rg5+ Kh8 35. Rh5+ Kg8 36.
Rxf5 Rh3 37. Rg5+ Kh8 38. Rh5+ Kg8 39. Rdd5 Rc6 40. Kg2 Rc3 41. Rxc5 Re6 42. e3 Kf7 43. Rhf5+ Ke7 44. Rfe5 Kd6 45. Rcd5+ Ke7 46. Rxe6+ Kxe6 47. Re5+ Kf6 48. c5 Rc2 49. Kf3 Kg6 50. h5+ Kh6 51. Kg3 Rc1 52. Re6+ Kxh5 53. c6 Rc3 54. Kf3 1-0

[Event "*** Titled Tuesday Blitz"]
[Site "Chess.com"]
[Date "2020.04.21"]
[Round "7"]
[White "Blagorod"]
[Black "cottage_cheese"]
[Result "1-0"]
[WhiteElo "2131"]
[BlackElo "2196"]
[TimeControl "180+1"]
[EndTime "11:22:40 PDT"]
[Termination "Blagorod won on time"]

1. e4 e5 2. Nf3 Nc6 3. Bb5 a6 4. Ba4 Nf6 5. O-O Be7 6. d3 b5 7. Bb3 d6 8. a4 Bd7 9. Nc3 Rb8 10. Nd5 Nxd5 11. Bxd5 O-O 12. axb5 axb5 13. h3 Nb4 14. Bb3 c5 15. Nh2 Qc7 16. c3 Nc6 17. f4 Na5 18.
Bd5 c4 19. Be3 exf4 20. Bxf4 Nb3 21. Ra6 Nc5 22. Ra2 Nxd3 23. Be3 Be6 24. Ra7 Qd8 25. Qh5 Bxd5 26. exd5 Ra8 27. Rb7 Rb8 28. Ra7 Bf6 29. Bd4 Bxd4+ 30. cxd4 Qe8 31. Ng4 Nxb2 32. Qg5 Kh8 33. Qh5 f6 34. Qh4 Qg6 35. Qg3 c3 36.
Qxd6 Nd3 37. Qc7 b4 38. Nxf6 gxf6 39. Rxf6 1-0

[Event "*** Titled Tuesday Blitz"]
[Site "Chess.com"]
[Date "2020.04.21"]
[Round "7"]
[White "Mikhail_Golubev"]
[Black "RaunakSadhwani2005"]
[Result "0-1"]
[WhiteElo "2528"]
[BlackElo "2764"]
[TimeControl "180+1"]
[EndTime "11:22:41 PDT"]
[Termination "RaunakSadhwani2005 won on time"]

1. e4 c5 2. Nf3 Nc6 3. Nc3 Nf6 4. Bb5 Nd4 5. e5 a6 6. Bc4 d5 7. exd6 Qxd6 8. Nxd4 cxd4 9. Ne2 b5 10. Bb3 Bb7 11.
O-O Ng4 12. Ng3 h5 13. d3 e6 14. h3 h4 15. Qxg4 hxg3 16. fxg3 Qc6 17. Rf2 Bd6 18. a4 O-O-O 19. axb5 axb5 20. Bf4 Bxf4 21. Qxf4 Rxh3 22. Qxf7 Rxg3 23. Bxe6+ Kb8 24. Qf4+ Qc7 25. Qxc7+ Kxc7 26. Rf7+ Kb6 27. Bh3 Rh8 28. Kf2 Rg5 29. Re1 Bd5 30. Rf5 Rxf5+ 31. Bxf5 Rf8 32. Re5 Kc5 33. g4 g6 34. Kg3 gxf5 35. gxf5 Kd6 36. Kf4 Rc8 37. Re2 Rh8 38. Kg5 Rh1 39. Kf6 Rf1 40. Re8 Bc6 41. Re6+ Kc5 42. Re5+ Bd5 43. Ke7 Rf2 44. f6 b4 45.
Rxd5+ Kxd5 46. f7 Ke5 47. f8=Q Rxf8 48. Kxf8 Kf4 49. Ke7 Ke3 50. Kd6 Kd2 0-1

[Event "*** Titled Tuesday Blitz"]
[Site "Chess.com"]
[Date "2020.04.21"]
[Round "7"]
[White "Dyadya81"]
[Black "matiss90"]
[Result "1-0"]
[WhiteElo "2658"]
[BlackElo "2488"]
[TimeControl "180+1"]
[EndTime "11:22:41 PDT"]
[Termination "Dyadya81 won on time"]

1. e4 c5 2. Nc3 Nc6 3. Bb5 Nd4 4. Bc4 e6 5. Nge2 a6 6. a4 g6 7. Nxd4 cxd4 8. Ne2 Bg7 9. O-O Ne7 10. c3 dxc3 11. dxc3 O-O 12. Nf4 Rb8 13. Qd6 Nc6 14. Nd3 b5 15. axb5 axb5 16. Bb3 Rb6 17. Qg3 b4 18. c4 Nd4 19. Bd1 b3 20. Bf4 d6 21. c5 e5 22. Bg5 f6 23. cxb6 fxg5 24. Nb4 Qxb6 25. Nd5 Qb7 26. Qxg5 Be6 27. Ra5 Bxd5 28.
Rxd5 Bf6 29. Qg4 Qb6 30. h4 Kh8 31. h5 gxh5 32. Qxh5 Qc7 33. g3 Rg8 34. Kg2 Be7 35. Rh1 Bf8 36. Rxd6 Bxd6 37. Bg4 Rf8 38. Qh6 Bc5 39.
Rh5 Qg7 40. Qxg7+ Kxg7 41. Rxe5 Ba7 42. f4 Rf7 43. Kh3 Rc7 44. Ra5 Bb6 45. Ra6 Bc5 46. e5 Nc2 47. f5 Bd4 48. f6+ Kg6 49. Re6 1-0

[Event "*** Titled Tuesday Blitz"]
[Site "Chess.com"]
[Date "2020.04.21"]
[Round "7"]
[White "Mfcyryd"]
[Black "tomsishere"]
[Result "1-0"]
[WhiteElo "2537"]
[BlackElo "2383"]
[TimeControl "180+1"]
[EndTime "11:22:41 PDT"]
[Termination "Mfcyryd won on time"]

1. e4 c5 2. Nf3 e6 3. d4 cxd4 4.
Nxd4 Nc6 5. Nc3 Qc7 6. g3 a6 7. Bg2 h5 8. h3 Nf6 9. O-O Bc5 10. Nxc6 bxc6 11. Bf4 e5 12. Bg5 d6 13. Na4 Ba7 14. Bxf6 gxf6 15. Qf3 Ke7 16. Rfd1 Be6 17. b3 Rag8 18.
Rd2 Rg6 19. Rad1 Rd8 20. Kh2 h4 21. g4 d5 22. Qe2 d4 23. Qxa6 c5 24. Bf1 f5 25.
exf5 Bxf5 26. Qe2 Be6 27. Bg2 f5 28. gxf5 e4+ 29. Kh1 Rxg2 30. Kxg2 Rg8+ 31. Kh1 Qf4 32. fxe6 Qf5 33. Rd3 exd3 34. Rxd3 Qg5 35. Qg4 Qc1+ 36.
Rd1 Rxg4 37. Rxc1 Rf4 38. Kg2 Kxe6 39. Re1+ Kd5 40. Re7 Bb8 41. Rh7 Ke4 42. Nxc5+ Kd5 43. Rh5+ Kc6 44. Nd3 Re4 45. Kf3 Re8 46. Rxh4 Ba7 47.
Re4 Rf8+ 48. Ke2 Rh8 49. h4 Bb6 50. Nf4 Kd6 51. Ng6 Rh6 52. Rg4 Kd5 53. Rg5+ 1-0

[Event "*** Titled Tuesday Blitz"]
[Site "Chess.com"]
[Date "2020.04.21"]
[Round "7"]
[White "archess2"]
[Black "otrov-11"]
[Result "0-1"]
[WhiteElo "2215"]
[BlackElo "2370"]
[TimeControl "180+1"]
[EndTime "11:22:41 PDT"]
[Termination "otrov-11 won by checkmate"]

1. d4 Nf6 2. c4 g6 3. Nc3 Bg7 4. e4 d6 5. f4 O-O 6. Nf3 Bg4 7. Be2 Bxf3 8. Bxf3 e5 9. fxe5 dxe5 10. d5 Nbd7 11. O-O a5 12. Be3 Ne8 13. c5 f5 14.
c6 bxc6 15. dxc6 Ndf6 16. Bc5 Nd6 17. exf5 gxf5 18. Bd5+ Kh8 19. Be6 Qe8 20. Bxf5 Qxc6 21. Bxd6 cxd6 22. Rc1 Qb6+ 23. Kh1 Qxb2 24. Qxd6 Rad8 25.
Qc5 Rd2 26. Ne4 Rxg2 27. Nf2 Rg5 28. Bd3 Nh5 29. Rc2 Qd4 30. Qxd4 exd4 31. Rfc1 Nf4 32. Rc8 h5 33. Bb1 Ne2 34. Rxf8+ Bxf8 35. Re1 Nc3 36. Ne4 Re5 37. Bd3 Bh6 38. Kg2 Bd2 39. Rd1 Bf4 40. Rf1 Be3 41. Nd6 Rg5+ 42. Kh3 Kg7 43.
Rf7+ Kg8 44. Bh7+ Kh8 45. Bd3 Nd5 46. Rf8+ Kg7 47. Rf7+ Kg8 48. Ra7 Nf4+ 49. Kh4 Rg4# 0-1

[Event "*** Titled Tuesday Blitz"]
[Site "Chess.com"]
[Date "2020.04.21"]
[Round "7"]
[White "LifeIsAllAboutChess23"]
[Black "ntmh281"]
[Result "1-0"]
[WhiteElo "2024"]
[BlackElo "2243"]
[TimeControl "180+1"]
[EndTime "11:22:42 PDT"]
[Termination "LifeIsAllAboutChess23 won on time"]

1. d4 d5 2. Bg5 c6 3. e3 Bf5 4.
Nd2 Nd7 5. c4 Ngf6 6. Qb3 Qb6 7.
Ngf3 e6 8. c5 Qxb3 9. axb3 Ne4 10. Nxe4 Bxe4 11. Nd2 Bf5 12. b4 a6 13. f4 h6 14. Bh4 Be7 15. Bf2 O-O 16. Be2 Nf6 17. Bf3 Ne4 18. Bxe4 Bxe4 19. O-O Rae8 20. Bg3 f5 21. Rf2 Bf6 22. Nb3 Rf7 23. Na5 Kh7 24.
Nb3 Rg8 25. Nd2 Bd8 26. Nxe4 fxe4 27. Raf1 g6 28. Kh1 Rgf8 29. h3 Rf5 30. Bh2 Bc7 31.
g4 R5f7 32. Kg2 Kg7 33. Bg3 Bd8 34. b3 Be7 35. Ra1 g5 36. Raf1 gxf4 37. Bxf4 Kg6 38. Kg3 Bd8 39. h4 Be7 40. h5+ Kh7 41. Kg2 Rg7 42.
Kh3 Rfg8 43. Rg2 Bf6 44. Bd6 Bg5 45. Be5 Rd7 46. Bf4 Rf7 47. Rgf2 Be7 48. Be5 Rxf2 49. Rxf2 Rf8 50. Rxf8 Bxf8 51. Bf6 Kg8 52. g5 Kf7 53. Kg4 hxg5 54. Bxg5 Bg7 55. Bf4 Bh8 56. Kg5 Bf6+ 57. Kg4 Bg7 58. h6 Bh8 59. Kh5 Bf6 60. Bg3 Bh8 61.
h7 1-0

[Event "*** Titled Tuesday Blitz"]
[Site "Chess.com"]
[Date "2020.04.21"]
[Round "7"]
[White "TST2014"]
[Black "abhidabhi"]
[Result "0-1"]
[WhiteElo "2605"]
[BlackElo "2813"]
[TimeControl "180+1"]
[EndTime "11:22:43 PDT"]
[Termination "abhidabhi won on time"]

1. d4 Nf6 2. c4 g6 3. Nf3 Bg7 4. Nc3 d5 5. Bg5 Ne4 6. Bh4 Nxc3 7. bxc3 dxc4 8. Qa4+ Qd7 9. Qxc4 O-O 10. e3 b6 11. Qb3 Bb7 12. Be2 c5 13. O-O Nc6 14. Rfd1 cxd4 15. cxd4 Na5 16. Qb4 e6 17. Rac1 Rfc8 18.
h3 Qd5 19. a4 Bf8 20. Qb5 Bc6 21. Qxd5 Bxd5 22. Ba6 Rxc1 23. Rxc1 Bb3 24. Bb5 a6 25. Bd7 Ba3 26. Rc7 Bd6 27. Rc3 Kg7 28. e4 Ra7 29. Be8 Be7 30. Bg3 Ra8 31. Bd7 Bc4 32. Ne5 b5 33. Nc6 Nxc6 34. Bxc6 Rd8 35. axb5 Bxb5 36. Bxb5 axb5 37. Rd3 f5 38. f3 b4 39. Kf1 Kf7 40.
d5 exd5 41. exd5 Bc5 42. Ke2 Ra8 43. Rb3 Ra3 44. Rb2 Re3+ 45. Kd2 Rc3 0-1